 Seeded DCSS version 0.29-a0-923-g6e406bff71 (webtiles) character file.

Game seed: 20220728 (custom seed)

34 purpskrrrp the Cudgeller (level 3, -3/23 HPs)
             Began as a Gargoyle Monk on July 28, 2022.
             Was a Priest of Wu Jian.
             Slain by a gnoll
             ... wielding a +0 flail of protection
              (12 damage)
             ... on level 2 of the Dungeon.
             The game lasted 00:03:07 (1964 turns).

purpskrrrp the Cudgeller (Gargoyle Monk)            Turns: 1964, Time: 00:03:07

Health: -3/23      AC:  5    Str: 16    XL:     3   Next: 31%
Magic:  3/3        EV: 12    Int: 10    God:    Wu Jian [***...]
Gold:   85         SH:  0    Dex: 12    Spells: 2/2 levels left

rFire   . . .      SeeInvis .   a - +0 mace
rCold   . . .      Faith    .   (no shield)
rNeg    + . .      Spirit   .   b - +0 robe
rPois   ∞          Reflect  .   (no helmet)
rElec   +          Harm     .   (no cloak)
rCorr   .          Rampage  .   (no gloves)
Will    .....                   (no boots)
Stlth   ++........              (no amulet)
HPRegen 0.07/turn               (no ring)
MPRegen 0.08/turn               (no ring)

@: no status effects
A: sickness immunity, AC +3, negative energy resistance 1, electricity
resistance, torment resistance 1, petrification resistance
a: Renounce Religion, Wall Jump, Serpent's Lash


You were on level 2 of the Dungeon.
You worshipped Wu Jian.
Wu Jian was most pleased with you.
You visited 1 branch of the dungeon, and saw 2 of its levels.

You collected 85 gold pieces.

Inventory:

Hand Weapons
 a - a +0 mace (weapon)
Missiles
 d - 4 poisoned darts (quivered)
 k - 4 boomerangs
Armour
 b - a +0 robe (worn)
 e - a +0 scale mail of fire resistance
Wands
 l - a wand of digging (4)
Scrolls
 c - a scroll of immolation {unknown}
 g - a scroll of brand weapon {unknown}
 i - a scroll of fog {unknown}
 j - a scroll of identify {unknown}
 m - a scroll of amnesia {unknown}
 n - a scroll of blinking {unknown}
Potions
 f - 3 potions of heal wounds {unknown}
 h - a potion of invisibility {unknown}


   Skills:
 + Level 3.5 Fighting
 * Level 0.5(2.1) Axes
 * Level 3.6 Maces & Flails
 + Level 2.7 Dodging
 + Level 2.4 Stealth


You had 2 spell levels left.
You didn't know any spells.
Your spell library was empty.

Dungeon Overview and Level Annotations

Branches:
Dungeon (2/15)

Altars:
Wu Jian


Innate Abilities, Weirdness & Mutations

You are immune to sickness and miasma.
Your stone body is resilient. (AC +3)
You are immune to poison.
You resist negative energy. (rN+)
You are resistant to electric shocks. (rElec)
You are resistant to unholy torment.
You are immune to petrification.


Message History

You now have 71 gold pieces (gained 12).
A hobgoblin comes into view.
You lunge at the hobgoblin.
The helpless hobgoblin fails to defend itself.
You thump the hobgoblin!
You kill the hobgoblin!
The Council accepts your kill.
No target in view!
No target in view!
Found 6 stones.
An endoplasm comes into view.
The endoplasm quivers.
You hit the endoplasm.
The endoplasm is lightly wounded.
The endoplasm hits you.
You sock the endoplasm!
You kill the endoplasm!
The Council accepts your kill.
No target in view!
You now have 85 gold pieces (gained 14).
Things that are here:
a +0 dagger; a +0 sling You open the door. 2 gnolls come into view.
Found a scroll labelled IVOYLU FO IMU.
A gnoll comes into view.
It is wielding a +0 flail of protection.
The gnoll shouts! x3
There is an open door here.
You closely miss the gnoll. The gnoll barely misses you.
You barely miss the gnoll. You closely miss the gnoll.
You lunge at the gnoll.
You closely miss the gnoll.
You spin and attack the gnoll.
You barely miss the gnoll.
The gnoll hits you with a +0 flail of protection!
The gnoll barely misses you. The gnoll hits you with a +0 spear.
You spin and attack the gnoll.
You sock the gnoll!
The gnoll is heavily wounded.
The gnoll hits you with a +0 flail of protection!
Ouch! That really hurt!
You die...

#.#(#.....................#
#.#.#########.###.........####
#.#.............+..........)..
###########.###.........####
#.# #.........# #.#
#.........# #.# ###########
#.# ######@##### #....g.....#
#....gg....# #..........#
#..........# #..........#
#..........# #..........#
#..........#


You could see 3 gnolls.

Vanquished Creatures
  An adder (D:2)
  3 bats
  4 endoplasms
  2 giant cockroaches
  3 goblins
  3 hobgoblins
  A kobold (D:2)
  A quokka (D:1)
  2 ball pythons (D:1)
  2 rats
22 creatures vanquished.

Notes
Turn   | Place    | Note
-------+----------+-------------------------------------------
     0 | D:1      | purpskrrrp the Gargoyle Monk began the quest for the Orb.
     0 | D:1      | Reached XP level 1. HP: 14/14 MP: 1/1
   359 | D:1      | Found a faded altar of an unknown god.
   370 | D:1      | Reached XP level 2. HP: 19/19 MP: 2/2
   375 | D:1      | Prayed at the altar of an unknown god.
   375 | D:1      | Became a worshipper of the Wu Jian Council
   375 | D:1      | Reached * piety under Wu Jian
   375 | D:1      | Reached ** piety under Wu Jian
  1489 | D:2      | Reached *** piety under Wu Jian
  1590 | D:2      | Reached XP level 3. HP: 17/23 MP: 3/3
  1964 | D:2      | Slain by a gnoll

Illustrated notes

Levels and vault maps discovered:
D:1:      dpeg_arrival_erosion, layout_basic, ebering_ecumenical_altar_abandoned
D:2:      layout_basic

Action                   || total
-------------------------++-------
Melee: Mace              ||    83
       Punch             ||     1
Invok: Lunge             ||     6
       Whirlwind         ||     2
  Use: Potion            ||     1
 Stab: Sleeping          ||     5
Armor: Robe              ||    33
Dodge: Dodged            ||    60

Table legend: (Time is in decaauts)
 A = Elapsed time spent in this place.
 B = Non-inter-level travel time spent in this place.
 C = Inter-level travel time spent in this place.
 D = Time resting spent in this place.
 E = Time spent auto-exploring this place.
 F = Levels seen in this place.
 G = Mean time per level.
                   A        B        C        D        E       F      G
               +--------+--------+--------+--------+--------+-----+--------+
         Total |   1980 |   1951 |     29 |      0 |   1702 |   2 |  990.0 |
       Dungeon |   1980 |   1951 |     29 |      0 |   1702 |   2 |  990.0 |
               +--------+--------+--------+--------+--------+-----+--------+

Top non-repeatable levels by time:
     D:1: 1162 daAuts
     D:2: 818 daAuts
